| TOP OF THE 1ST |
|
Hudson Valley Renegades batting - Pitching for Vancouver Canadians : RHP Marco Rodriguez
|
|
Pitching: RHP Marco Rodriguez
|
|
|
Batting: LHB Dan Hunt
|
0-0: Swinging Strike 0-1: Ball 1-1: Fly out, F8 (Line Drive, 8RM, EV 88.8 MPH)
|
|
Batting: RHB Jesse Haddad
|
0-0: Ball 1-0: Foul Ball, location: 2F 1-1: SINGLE (Groundball, 34D, EV 96.9 MPH)
|
|
Batting: RHB Azedine Kirui
|
0-0: Foul Ball, location: 2F 0-1: Called Strike 0-2: Foul Ball, location: 2F 0-2: Foul Ball, location: 2F 0-2: Ball 1-2: DOUBLE (Line Drive, 9LS, EV 96.3 MPH) Jesse Haddad to third
|
|
Batting: SHB Suljo Dokic
|
0-0: Ball 1-0: Ball 2-0: Foul Ball, location: 2F 2-1: Foul Ball, location: 2F 2-2: Ground out 4-3 (Groundball, 4M, EV 101.3 MPH) Jesse Haddad scores Azedine Kirui to third
|
|
Batting: RHB Freddy Mullen
|
0-0: Swinging Strike 0-1: DOUBLE (Line Drive, 78XD, EV 103.1 MPH) Azedine Kirui scores
|
|
Batting: LHB Killian Chaumont
|
0-0: Foul Ball, location: 2F 0-1: Fly out, F6 (Popup, 6M, EV 58.8 MPH)
|
| Top of the 1st over - 2 runs, 3 hits, 0 errors, 1 left on base; Hudson Valley 2 - Vancouver 0 |
| BOTTOM OF THE 1ST |
|
Vancouver Canadians batting - Pitching for Hudson Valley Renegades : RHP David Zupon
|
|
Pitching: RHP David Zupon
|
|
|
Batting: RHB Brian Manson
|
0-0: Called Strike 0-1: Swinging Strike 0-2: Foul Ball, location: 2F 0-2: Ball 1-2: Strikes out swinging
|
|
Batting: LHB Cedric Saunders
|
0-0: Ball 1-0: Called Strike 1-1: Ball 2-1: Swinging Strike 2-2: Foul Ball, location: 2F 2-2: Foul Ball, location: 2F 2-2: Strikes out looking
|
|
Batting: RHB Carlos Ramirez
|
0-0: Called Strike 0-1: Ball 1-1: Ball 2-1: Ball 3-1: SINGLE (Groundball, 56D, EV 99.4 MPH)
|
|
Batting: RHB Takanibu Kaneshiro
|
0-0: Ball 1-0: Called Strike Carlos Ramirez steals 2nd base 1-1: Swinging Strike 1-2: Ground out U3 (Groundball, 34S, EV 92.5 MPH)
|
| Bottom of the 1st over - 0 runs, 1 hit, 0 errors, 1 left on base; Hudson Valley 2 - Vancouver 0 |
| TOP OF THE 2ND |
|
Hudson Valley Renegades batting - Pitching for Vancouver Canadians : RHP Marco Rodriguez
|
|
Batting: RHB Khalil Walker
|
0-0: Called Strike 0-1: Called Strike 0-2: Foul Ball, location: 2F 0-2: Strikes out swinging
|
|
Batting: SHB Josif Popovski
|
0-0: Swinging Strike 0-1: Fly out, F7 (Flyball, 7, EV 88.8 MPH)
|
|
Batting: RHB Chris Glavin
|
0-0: Foul Ball, location: 2F 0-1: Foul Ball, location: 2F 0-2: Fly out, F9 (Flyball, 89D, EV 95.0 MPH)
|
| Top of the 2nd over - 0 runs, 0 hits, 0 errors, 0 left on base; Hudson Valley 2 - Vancouver 0 |
| BOTTOM OF THE 2ND |
|
Vancouver Canadians batting - Pitching for Hudson Valley Renegades : RHP David Zupon
|
|
Batting: RHB Kyle Scruggs
|
0-0: Called Strike 0-1: Ball 1-1: Foul Ball, location: 2F 1-2: Strikes out swinging
|
|
Batting: RHB Jim Rogers
|
0-0: Called Strike 0-1: Called Strike 0-2: Ball 1-2: Strikes out looking
|
|
Batting: RHB Carlos Renteria
|
0-0: SINGLE (Line Drive, 9S, EV 93.8 MPH)
|
|
Batting: LHB Julio Canseco
|
0-0: Called Strike 0-1: Ball 1-1: Ball Carlos Renteria steals 2nd base 2-1: Foul Ball, location: 2F 2-2: Strikes out swinging
|
| Bottom of the 2nd over - 0 runs, 1 hit, 0 errors, 1 left on base; Hudson Valley 2 - Vancouver 0 |
| TOP OF THE 3RD |
|
Hudson Valley Renegades batting - Pitching for Vancouver Canadians : RHP Marco Rodriguez
|
|
Batting: LHB Dan Hunt
|
0-0: Ball 1-0: Called Strike 1-1: Ball 2-1: SINGLE (Groundball, 4MD, EV 106.3 MPH)
|
|
Batting: RHB Jesse Haddad
|
0-0: Ball Dan Hunt is caught stealing 2nd base 2-4 1-0: Ball 2-0: SINGLE (Line Drive, 9S, EV 108.8 MPH)
|
|
Batting: RHB Azedine Kirui
|
0-0: Ball 1-0: Foul Ball, location: 2F 1-1: Ball 2-1: Ball 3-1: Fielders Choice at 2nd, 4-6 (Groundball, 4, EV 85.6 MPH)
|
|
Batting: SHB Suljo Dokic
|
0-0: Called Strike 0-1: Foul Ball, location: 2F 0-2: Foul Ball, location: 2F 0-2: Ground out U3 (Groundball, 3, EV 81.3 MPH)
|
| Top of the 3rd over - 0 runs, 2 hits, 0 errors, 1 left on base; Hudson Valley 2 - Vancouver 0 |
| BOTTOM OF THE 3RD |
|
Vancouver Canadians batting - Pitching for Hudson Valley Renegades : RHP David Zupon
|
|
Batting: RHB Dan Hilyer
|
0-0: Ball 1-0: Ground out 4-3 (Groundball, 4, EV 103.1 MPH)
|
|
Batting: RHB Brian Manson
|
0-0: Ball 1-0: Called Strike 1-1: Foul Ball, location: 2F 1-2: Foul Ball, location: 2F 1-2: DOUBLE (Line Drive, 8LD, EV 111.3 MPH)
|
|
Batting: LHB Cedric Saunders
|
0-0: Ball Brian Manson steals 3rd base 1-0: Foul Ball, location: 2F 1-1: Foul Ball, location: 2F 1-2: Strikes out swinging
|
|
Batting: RHB Carlos Ramirez
|
0-0: Ball 1-0: Fly out, F8 (Flyball, 8LXD, EV 86.9 MPH)
|
| Bottom of the 3rd over - 0 runs, 1 hit, 0 errors, 1 left on base; Hudson Valley 2 - Vancouver 0 |
| TOP OF THE 4TH |
|
Hudson Valley Renegades batting - Pitching for Vancouver Canadians : RHP Marco Rodriguez
|
|
Batting: RHB Freddy Mullen
|
0-0: Called Strike 0-1: Fly out, F5 (Popup, 56S, EV 81.3 MPH)
|
|
Batting: LHB Killian Chaumont
|
0-0: Ball 1-0: Called Strike 1-1: SINGLE (Line Drive, 7S, EV 110.6 MPH)
|
|
Batting: RHB Khalil Walker
|
0-0: Ball 1-0: Called Strike 1-1: Ball 2-1: Foul Ball, location: 2F 2-2: Strikes out swinging
|
|
Batting: SHB Josif Popovski
|
0-0: Foul Ball, location: 2F 0-1: Fielders Choice at 2nd, 5-4 (Groundball, 5, EV 78.1 MPH)
|
| Top of the 4th over - 0 runs, 1 hit, 0 errors, 1 left on base; Hudson Valley 2 - Vancouver 0 |
| BOTTOM OF THE 4TH |
|
Vancouver Canadians batting - Pitching for Hudson Valley Renegades : RHP David Zupon
|
|
Batting: RHB Takanibu Kaneshiro
|
0-0: Called Strike 0-1: Called Strike 0-2: Foul Ball, location: 2F 0-2: Strikes out swinging
|
|
Batting: RHB Kyle Scruggs
|
0-0: Called Strike 0-1: Ball 1-1: SINGLE (Groundball, 4D, EV 98.8 MPH)
|
|
Batting: RHB Jim Rogers
|
0-0: Called Strike 0-1: Ball 1-1: Ball 2-1: Fly out, F7 (Flyball, 78D, EV 99.4 MPH)
|
|
Batting: RHB Carlos Renteria
|
0-0: Called Strike 0-1: Ball 1-1: Ball 2-1: Ball 3-1: Fly out, F7 (Flyball, 7LS, EV 93.1 MPH)
|
| Bottom of the 4th over - 0 runs, 1 hit, 0 errors, 1 left on base; Hudson Valley 2 - Vancouver 0 |
| TOP OF THE 5TH |
|
Hudson Valley Renegades batting - Pitching for Vancouver Canadians : RHP Marco Rodriguez
|
|
Batting: RHB Chris Glavin
|
0-0: Ball 1-0: Ball 2-0: Swinging Strike 2-1: Ground out U3 (Groundball, 34, EV 77.5 MPH)
|
|
Batting: LHB Dan Hunt
|
0-0: Called Strike 0-1: Ball 1-1: Ball 2-1: Foul Ball, location: 2F 2-2: SINGLE (Line Drive, 4M, EV 100.6 MPH)
|
|
Batting: RHB Jesse Haddad
|
0-0: Called Strike 0-1: Ball Dan Hunt steals 2nd base 1-1: Foul Ball, location: 2F 1-2: Ball 2-2: Ground out 5-3 (Groundball, 56, EV 81.9 MPH)
|
|
Batting: RHB Azedine Kirui
|
0-0: TRIPLE (Flyball, 78XD, EV 98.1 MPH) Dan Hunt scores
|
|
Batting: SHB Suljo Dokic
|
0-0: Ball 1-0: 2-RUN HOME RUN (Flyball, 78XD, EV 97.5 MPH), Distance : 391 ft
|
|
Pitching: RHP Hans Hørby
|
|
|
Batting: RHB Freddy Mullen
|
0-0: Foul Ball, location: 2F 0-1: Ball 1-1: Ball 2-1: Fly out, F9 (Flyball, 89S, EV 90.6 MPH)
|
| Top of the 5th over - 3 runs, 3 hits, 0 errors, 0 left on base; Hudson Valley 5 - Vancouver 0 |
| BOTTOM OF THE 5TH |
|
Vancouver Canadians batting - Pitching for Hudson Valley Renegades : RHP David Zupon
|
|
Batting: LHB Julio Canseco
|
0-0: Ball 1-0: Foul Ball, location: 2F 1-1: Ground out 6-3 (Groundball, 6, EV 99.4 MPH)
|
|
Batting: RHB Dan Hilyer
|
0-0: Foul Ball, location: 2F 0-1: Foul Ball, location: 2F 0-2: Strikes out swinging
|
|
Batting: RHB Brian Manson
|
0-0: Ball 1-0: Swinging Strike 1-1: Foul Ball, location: 2F 1-2: SINGLE (Groundball, 6MD, EV 108.1 MPH)
|
|
Batting: LHB Cedric Saunders
|
0-0: Called Strike 0-1: Called Strike 0-2: Ball Brian Manson steals 2nd base 1-2: Ground out U3 (Groundball, 3, EV 106.3 MPH)
|
| Bottom of the 5th over - 0 runs, 1 hit, 0 errors, 1 left on base; Hudson Valley 5 - Vancouver 0 |
| TOP OF THE 6TH |
|
Hudson Valley Renegades batting - Pitching for Vancouver Canadians : RHP Hans Hørby
|
|
Batting: LHB Killian Chaumont
|
0-0: Ball 1-0: Called Strike 1-1: Called Strike 1-2: Strikes out looking
|
|
Batting: RHB Khalil Walker
|
0-0: Ball 1-0: Ground out 6-3 (Groundball, 6, EV 81.3 MPH)
|
|
Batting: SHB Josif Popovski
|
0-0: DOUBLE (Flyball, 78D, EV 96.9 MPH)
|
|
Batting: RHB Chris Glavin
|
0-0: Called Strike 0-1: Ground out 6-3 (Groundball, 56, EV 108.8 MPH)
|
| Top of the 6th over - 0 runs, 1 hit, 0 errors, 1 left on base; Hudson Valley 5 - Vancouver 0 |
| BOTTOM OF THE 6TH |
|
Vancouver Canadians batting - Pitching for Hudson Valley Renegades : RHP David Zupon
|
|
Batting: RHB Carlos Ramirez
|
0-0: Ball 1-0: Ball 2-0: Swinging Strike 2-1: Ball 3-1: Base on Balls
|
|
Pitching: RHP Carlos Najera
|
|
|
Batting: RHB Takanibu Kaneshiro
|
0-0: Called Strike 0-1: Swinging Strike 0-2: Hit by Pitch Carlos Ramirez to second
|
|
Batting: RHB Kyle Scruggs
|
0-0: Ball Carlos Ramirez steals 3rd base Takanibu Kaneshiro to second 1-0: Foul Ball, location: 2F 1-1: Foul Ball, location: 2F 1-2: Strikes out swinging
|
|
Pinch Hitting: SHB Harrison Feist
|
0-0: Ball 1-0: Ground out 4-3 (Groundball, 34D, EV 91.3 MPH) Carlos Ramirez scores Takanibu Kaneshiro to third
|
|
Pinch Hitting: LHB Tatsuyuki Yamada
|
0-0: Foul Ball, location: 2F 0-1: Foul Ball, location: 2F 0-2: Ball 1-2: SINGLE (Groundball, 4MS, EV 68.1 MPH) (infield hit) Takanibu Kaneshiro scores
|
|
Batting: LHB Julio Canseco
|
0-0: Ball Tatsuyuki Yamada steals 2nd base (no throw) 1-0: Ground out 6-3 (Groundball, P, EV 78.1 MPH)
|
| Bottom of the 6th over - 2 runs, 1 hit, 0 errors, 1 left on base; Hudson Valley 5 - Vancouver 2 |
| TOP OF THE 7TH |
|
Hudson Valley Renegades batting - Pitching for Vancouver Canadians : RHP Hans Hørby
|
|
Now at 1B: Tatsuyuki Yamada
|
|
|
Now at 2B: Carlos Ramirez
|
|
|
Now at SS: Alfredo Colon
|
|
|
Batting: LHB Dan Hunt
|
0-0: Ball 1-0: Ball 2-0: Fly out, F9 (Flyball, 89S, EV 93.8 MPH)
|
|
Batting: RHB Jesse Haddad
|
0-0: Ball 1-0: Called Strike 1-1: Ground out U3 (Groundball, 3, EV 106.3 MPH)
|
|
Batting: RHB Azedine Kirui
|
0-0: Called Strike 0-1: Called Strike 0-2: Ball 1-2: Strikes out looking
|
| Top of the 7th over - 0 runs, 0 hits, 0 errors, 0 left on base; Hudson Valley 5 - Vancouver 2 |
| BOTTOM OF THE 7TH |
|
Vancouver Canadians batting - Pitching for Hudson Valley Renegades : RHP Carlos Najera
|
|
Batting: RHB Dan Hilyer
|
0-0: Called Strike 0-1: Ball 1-1: Swinging Strike 1-2: Fly out, F8 (Flyball, 8RD, EV 99.4 MPH)
|
|
Batting: RHB Brian Manson
|
0-0: SINGLE (Line Drive, 6MD, EV 108.1 MPH)
|
|
Batting: LHB Cedric Saunders
|
0-0: Ball 1-0: Ball 2-0: Called Strike 2-1: Called Strike 2-2: Strikes out swinging
|
|
Batting: RHB Carlos Ramirez
|
0-0: Ball Brian Manson is caught stealing 2nd base 2-4
|
| Bottom of the 7th over - 0 runs, 1 hit, 0 errors, 0 left on base; Hudson Valley 5 - Vancouver 2 |
| TOP OF THE 8TH |
|
Hudson Valley Renegades batting - Pitching for Vancouver Canadians : RHP Hans Hørby
|
|
Batting: SHB Suljo Dokic
|
0-0: Foul Ball, location: 2F 0-1: Ball 1-1: Called Strike 1-2: Ball 2-2: Ball 3-2: Strikes out swinging
|
|
Batting: RHB Freddy Mullen
|
0-0: Fly out, F9 (Flyball, 9D, EV 101.3 MPH)
|
|
Pitching: RHP Juan Rodriguez
|
|
|
Batting: LHB Killian Chaumont
|
0-0: Ball 1-0: Called Strike 1-1: Ball 2-1: Ball 3-1: Called Strike 3-2: Strikes out looking
|
| Top of the 8th over - 0 runs, 0 hits, 0 errors, 0 left on base; Hudson Valley 5 - Vancouver 2 |
| BOTTOM OF THE 8TH |
|
Vancouver Canadians batting - Pitching for Hudson Valley Renegades : RHP Carlos Najera
|
|
Batting: RHB Carlos Ramirez
|
0-0: Ball 1-0: Ball 2-0: Ball 3-0: Called Strike 3-1: Foul Ball, location: 2F 3-2: Foul Ball, location: 2F 3-2: Foul Ball, location: 2F 3-2: Ground out 6-3 (Groundball, 6, EV 88.1 MPH)
|
|
Batting: RHB Takanibu Kaneshiro
|
0-0: Called Strike 0-1: Foul Ball, location: 2F 0-2: Ball 1-2: Strikes out swinging
|
|
Batting: RHB Kyle Scruggs
|
0-0: Ground out 4-3 (Groundball, 34, EV 86.3 MPH)
|
| Bottom of the 8th over - 0 runs, 0 hits, 0 errors, 0 left on base; Hudson Valley 5 - Vancouver 2 |
| TOP OF THE 9TH |
|
Hudson Valley Renegades batting - Pitching for Vancouver Canadians : RHP Juan Rodriguez
|
|
Batting: RHB Khalil Walker
|
0-0: SINGLE (Groundball, 4M, EV 106.3 MPH) (infield hit)
|
|
Batting: SHB Josif Popovski
|
0-0: Called Strike Khalil Walker steals 2nd base 0-1: Foul Ball, location: 2F 0-2: Strikes out looking
|
|
Batting: RHB Chris Glavin
|
0-0: Ball 1-0: Called Strike 1-1: Foul Ball, location: 2F 1-2: Ball 2-2: Ball 3-2: Foul Ball, location: 2F 3-2: Foul Ball, location: 2F 3-2: Strikes out swinging, 2-3 out at first.
|
|
Batting: LHB Dan Hunt
|
0-0: Ball 1-0: Ball 2-0: Called Strike 2-1: Foul Ball, location: 2F 2-2: Foul Ball, location: 2F 2-2: Strikes out swinging
|
| Top of the 9th over - 0 runs, 1 hit, 0 errors, 1 left on base; Hudson Valley 5 - Vancouver 2 |
| BOTTOM OF THE 9TH |
|
Vancouver Canadians batting - Pitching for Hudson Valley Renegades : RHP Carlos Najera
|
|
Pitching: RHP Nelson Dawson
|
|
|
Pinch Hitting: LHB Curt Maxwell
|
0-0: Ball 1-0: Foul Ball, location: 2F 1-1: Foul Ball, location: 2F 1-2: Ball 2-2: Strikes out looking
|
|
Batting: LHB Tatsuyuki Yamada
|
0-0: Ball 1-0: Foul Ball, location: 2F 1-1: Foul Ball, location: 2F 1-2: Ball 2-2: Fly out, F5 (Popup, 25, EV 85.0 MPH)
|
|
Batting: LHB Julio Canseco
|
0-0: DOUBLE (Flyball, 8LXD, EV 101.9 MPH)
|
|
Batting: RHB Dan Hilyer
|
|
|
Pinch Hitting: LHB Jesus Prado
|
0-0: Ball 1-0: Ball 2-0: Called Strike 2-1: Ball 3-1: Base on Balls
|
|
Batting: RHB Brian Manson
|
0-0: Fly out, F4 (Line Drive, 4, EV 65.6 MPH)
|
| Bottom of the 9th over - 0 runs, 1 hit, 0 errors, 2 left on base; Hudson Valley 5 - Vancouver 2 |
|